 Dungeon Crawl Stone Soup version 0.21.1-1-g345015fe64 (webtiles) character file.

12457 Lavandula the Cleaver (level 11, 0/129 HPs)
             Began as a Centaur Berserker on June 3, 2018.
             Was a High Priest of Trog.
             Slain by a troll (9 damage)
             ... on level 2 of the Orcish Mines.
             The game lasted 00:37:08 (5014 turns).

Lavandula the Cleaver (Centaur Berserker)           Turns: 5014, Time: 00:37:08

Health: 0/129      AC:  9    Str: 29    XL:     11   Next: 62%
Magic:  4/4        EV: 11    Int:  6    God:    Trog [*****.]
Gold:   616        SH:  0    Dex: 10    Spells: 10/10 levels left

rFire    . . .     SeeInvis .   Q - +6 broad axe (antimagic)
rCold    + . .     Gourm    .   (no shield)
rNeg     . . .     Faith    .   C - +0 troll leather armour
rPois    +         Spirit   .   z - +0 helmet
rElec    .         Reflect  .   g - +1 cloak {rPois}
rCorr    .         Harm     .   B - +0 pair of gloves
MR       .....                  (no barding)
Stlth    ..........             (no amulet)
HPRegen  0.71/turn              H - ring of protection from cold
MPRegen  0.09/turn              K - +2 ring of strength

@: berserking (expiring), very quick
A: large, hooves 3, deformed body, speed 2, tough skin 3
a: Berserk, Trog's Hand, Brothers in Arms, Burn Spellbooks, Renounce Religion


You were on level 2 of the Orcish Mines.
You worshipped Trog.
Trog was extremely pleased with you.
You were hungry.

You visited 2 branches of the dungeon, and saw 13 of its levels.

You collected 845 gold pieces.
You spent 229 gold pieces at shops.

Inventory:

Hand Weapons
 a - a +0 hand axe
 n - a +0 war axe
 s - a -2 hand axe
 M - a +0 blowgun
 Q - a +6 antimagic broad axe (weapon)
Missiles
 f - 23 tomahawks (quivered)
 G - 6 silver tomahawks
Armour
 b - a +0 animal skin
 g - a +1 cloak of poison resistance (worn)
 z - a +0 helmet (worn)
 B - a +0 pair of gloves (worn)
 C - a +0 troll leather armour (worn)
 P - +0 acid dragon scales
Jewellery
 o - an uncursed ring of protection from fire
 q - an uncursed ring of see invisible
 H - a ring of protection from cold (left hand)
 K - a +2 ring of strength (right hand)
Wands
 p - a wand of acid (12)
 v - a wand of random effects (49)
 y - a wand of digging (19)
 A - a wand of polymorph (28)
 D - a wand of flame (27)
 J - a wand of disintegration (4)
Scrolls
 d - 9 scrolls of teleportation
 i - 2 scrolls of fear {unknown}
 j - 3 scrolls of remove curse
 k - 4 scrolls of blinking
 m - 3 scrolls of magic mapping
 t - 3 scrolls of fog
 u - 2 scrolls of enchant armour {unknown}
 w - 4 scrolls of immolation
 x - 3 scrolls of amnesia
Potions
 e - 6 potions of curing
 h - 4 potions of flight
 l - a potion of resistance
 r - a potion of lignification {unknown}
 E - a potion of might
 I - a potion of agility {unknown}
 O - a potion of haste {unknown}
Books
 F - a book of Minor Magic

   Spells                             Type                      Level
   a - Magic Dart                     Conjuration                  1
   b - Blink                          Translocation                2
   c - Call Imp                       Summoning                    2
   d - Slow                           Hexes                        2
   e - Conjure Flame                  Conjuration/Fire             3
   f - Mephitic Cloud                 Conjuration/Poison/Air       3
   Trog disapproves of the use of such an item.
Comestibles
 c - 5 rations


   Skills:
 - Level 5.0 Fighting
 + Level 14.6 Axes
 - Level 1.4 Armour
 - Level 4.6 Dodging
 - Level 5.0 Evocations


You had 10 spell levels left.
You didn't know any spells.

Dungeon Overview and Level Annotations

Branches:
Dungeon (11/15)            Temple (0/1) D:7             Orc (2/2) D:11
   Lair: D:8-11         Elf: Orc:2

Altars:
Okawaru
Ru
Trog
Yredelemnul

Shops:
D:8 *:*?   Orc:2 (

Annotations:
D:9 Gastronok


Innate Abilities, Weirdness & Mutations

You have hooves in place of feet.
Armour fits poorly on your strangely shaped body.
You cover ground very quickly.
You have extremely tough skin. (AC +3)


Message History

The two-headed ogre hits you with a giant club!
You slice the two-headed ogre!!
You kill the two-headed ogre!
Trog accepts your kill.
You hit the troll. You slash the two-headed ogre!
You slice the two-headed ogre!!
The two-headed ogre hits you with a giant spiked club!
The two-headed ogre hits you with a giant club!
The troll bites you!
* * * LOW HITPOINT WARNING * * *
The troll claws you but does no damage. The troll claws you.
* * * LOW HITPOINT WARNING * * *
Unknown command.
The two-headed ogre hits you but does no damage. x2
The ogre hits you with a giant spiked club!
* * * LOW HITPOINT WARNING * * *
The troll bites you!
* * * LOW HITPOINT WARNING * * *
The troll claws you!
You die...

#.#... #...##...O
.......###.........
.......#.#...........∩..
..........$.............
........................
........................
...........O........)...
......OO[...........O)T.
.......@OoC.....C.....$O
......)To...$...........
....$....[)...........o.
.........[............$.
#...................o...
............$.......##..
#................... #..
........$.......... ...
................. ....


You could see 3 two-headed ogres, a cyclops, a troll, an ogre and 2 orc wizards.

Vanquished Creatures
  A two-headed ogre (Orc:2)
  Pikel (D:9)
  An ugly thing (D:11)
  An orc sorcerer (Orc:1)
  Maurice (D:9)
  3 trolls
  Grinder (D:6)
  2 hippogriffs
  Sigmund (D:6)
  A hungry ghost (D:8)
  7 wargs
  An acid dragon (D:11)
  A floating eye (shapeshifter) (D:11)
  3 water moccasins
  15 orc warriors
  2 porcupines (D:11)
  A slave (D:9)
  An ice beast (D:11)
  2 necrophages
  10 ogres
  A phantom (D:4)
  A wolf (D:10)
  3 centaurs
  A big kobold (D:11)
  4 bullfrogs
  5 scorpions
  A water moccasin skeleton (D:11)
  9 wights
  4 killer bees (D:10)
  7 howler monkeys
  2 crimson imps
  3 jellies
  2 hounds
  A bullfrog zombie (D:9)
  2 centaur skeletons
  8 orc priests
  An iguana (D:7)
  16 orc wizards
  4 worker ants
  A hound zombie (D:10)
  4 adders
  3 gnolls (D:5)
  4 shadow imps
  An adder zombie (D:6)
  2 worms
  2 dart slugs (D:1)
  5 leopard geckos
  51 orcs
  4 bats
  5 giant cockroaches
  10 goblins
  7 hobgoblins
  5 jackals
  13 kobolds
  2 ball pythons
  4 frilled lizards
  A jackal skeleton (D:5)
  A jackal zombie (D:5)
  A quokka skeleton (D:5)
  8 rats
265 creatures vanquished.

Vanquished Creatures (collateral kills)
  An ettin (Orc:2)
  An ogre mage (Orc:2)
  A deep troll (Orc:2)
  A troll (Orc:2)
  8 ogres (Orc:2)
12 creatures vanquished.

Vanquished Creatures (others)
  3 slaves (D:9)
  A hound (D:10)
  3 fungi (D:11)
  A plant (D:11)
8 creatures vanquished.

Grand Total: 285 creatures vanquished

Notes
Turn   | Place    | Note
-------+----------+-------------------------------------------
     0 | D:1      | Lavandula the Centaur Berserker began the quest for the Orb.
     0 | D:1      | Reached XP level 1. HP: 19/19 MP: 1/1
    87 | D:1      | Reached XP level 2. HP: 23/26 MP: 2/2
   105 | D:1      | Reached skill level 3 in Axes
   273 | D:1      | Reached XP level 3. HP: 15/31 MP: 3/3
   289 | D:1      | Reached ** piety under Trog
   398 | D:2      | Found a sacrificial altar of Ru.
   756 | D:3      | Found an iron altar of Okawaru.
   756 | D:3      | Found a bloodstained altar of Trog.
   803 | D:3      | Reached XP level 4. HP: 40/40 MP: 4/4
   809 | D:3      | Reached skill level 4 in Axes
   826 | D:3      | Found a sacrificial altar of Ru.
   989 | D:4      | Noticed a phantom
  1000 | D:4      | Reached *** piety under Trog
  1000 | D:4      | Reached XP level 5. HP: 46/46 MP: 5/5
  1003 | D:4      | Killed a phantom
  1003 | D:4      | Reached skill level 5 in Axes
  1163 | D:4      | Reached XP level 6. HP: 52/52 MP: 6/6
  1246 | D:4      | Reached skill level 6 in Axes
  1280 | D:4      | Reached skill level 7 in Axes
  1280 | D:4      | Reached XP level 7. HP: 43/58 MP: 7/7
  1450 | D:5      | Entered Level 5 of the Dungeon
  1758 | D:5      | Reached skill level 8 in Axes
  1801 | D:6      | Noticed Sigmund
  1809 | D:6      | Killed Sigmund
  1912 | D:6      | Noticed Grinder
  1916 | D:6      | Killed Grinder
  1916 | D:6      | Reached skill level 9 in Axes
  1916 | D:6      | Reached XP level 8. HP: 66/66 MP: 8/8
  1924 | D:6      | Reached **** piety under Trog
  2252 | D:7      | Reached skill level 10 in Axes
  2386 | D:7      | Found a staircase to the Ecumenical Temple.
  2478 | D:8      | Found Qicocuh's Magic Scroll Emporium.
  2490 | D:8      | Reached skill level 5 in Fighting
  2490 | D:8      | Reached XP level 9. HP: 50/74 MP: 9/9
  2514 | D:8      | Bought a scroll of immolation for 52 gold pieces
  2514 | D:8      | Bought 3 scrolls of magic mapping for 157 gold pieces
  2518 | D:8      | Found Dexzifer's Assorted Antiques.
  2570 | D:8      | Bought a dark potion for 20 gold pieces
  2605 | D:8      | Found Otamel's Book Shop.
  2644 | D:8      | Received a gift from Trog
  2666 | D:8      | Found Goag's General Store.
  2817 | D:9      | Reached skill level 11 in Axes
  3011 | D:10     | Entered Level 10 of the Dungeon
  3020 | D:10     | Reached skill level 12 in Axes
  3080 | D:9      | Noticed Gastronok
  3120 | D:9      | Noticed Maurice
  3130 | D:9      | Killed Maurice
  3182 | D:9      | Reached XP level 10. HP: 38/81 MP: 10/10
  3326 | D:9      | Noticed Pikel
  3354 | D:9      | Killed Pikel
  3741 | D:10     | Found a basalt altar of Yredelemnul.
  3961 | D:11     | Noticed a cyan ugly thing
  3970 | D:11     | Killed a cyan ugly thing
  3970 | D:11     | Reached skill level 5 in Evocations
  3976 | D:11     | Reached ***** piety under Trog
  4042 | D:11     | Found a staircase to the Orcish Mines.
  4073 | D:11     | Reached skill level 13 in Axes
  4190 | D:11     | Paralysed by a floating eye for 4 turns
  4386 | Orc:1    | Entered Level 1 of the Orcish Mines
  4388 | Orc:1    | Noticed an orc sorcerer
  4395 | Orc:1    | Noticed a soul eater
  4395 | Orc:1    | Killed an orc sorcerer
  4395 | Orc:1    | Reached XP level 11. HP: 86/86 MP: 14/14
  4475 | Orc:1    | Reached skill level 14 in Axes
  4692 | Orc:1    | Received a gift from Trog
  4825 | Orc:2    | Entered Level 2 of the Orcish Mines
  4825 | Orc:2    | Noticed a deep troll
  4825 | Orc:2    | Noticed an ogre mage
  4825 | Orc:2    | Noticed an ettin
  4828 | Orc:2    | Killed an ettin
  4831 | Orc:2    | Noticed a deep troll
  4831 | Orc:2    | Found Yrghauhy's Antique Weapon Boutique.
  4831 | Orc:2    | Noticed a two-headed ogre
  4833 | Orc:2    | Killed a deep troll
  4837 | Orc:2    | Killed an ogre mage
  4943 | Orc:2    | Noticed a two-headed ogre
  4944 | Orc:2    | Noticed a two-headed ogre
  4944 | Orc:2    | Noticed a two-headed ogre
  5010 | Orc:2    | Noticed a two-headed ogre
  5013 | Orc:2    | Killed a two-headed ogre
  5014 | Orc:2    | Slain by a troll

Skill      XL: |  1  2  3  4  5  6  7  8  9 10 11 |
---------------+----------------------------------+-----
Axes           | 3 4 5 7 9 10 12 13 14 | 14.6
Fighting       | 5 |  5.0
Evocations     | 5 |  5.0
Dodging        | 4 |  4.6
Armour         | |  1.4

Action                   |  1- 3 |  4- 6 |  7- 9 | 10-12 || total
-------------------------+-------+-------+-------+-------++-------
Melee: Hand axe          |   112 |    58 |       |       ||   170
       Kick              |    17 |    23 |    57 |    66 ||   163
       War axe           |       |    12 |   192 |   217 ||   421
       Broad axe         |       |       |       |    22 ||    22
Throw: Tomahawk          |       |     1 |     3 |       ||     4
Invok: Berserk           |     1 |     4 |    12 |    13 ||    30
       Trog's Hand       |       |       |     3 |     2 ||     5
       Brothers in Arms  |       |       |       |     4 ||     4
Evoke: Wand              |       |       |     3 |     9 ||    12
  Use: Scroll            |     1 |     4 |     3 |     3 ||    11
       Potion            |       |     1 |     1 |     1 ||     3
 Stab: Paralysed         |       |     1 |       |       ||     1
  Eat: Chunk             |       |     5 |    14 |     9 ||    28
       Ration            |       |       |     1 |     3 ||     4
Armor: Animal skin       |    37 |    14 |    51 |    27 ||   129
       Troll leather arm |       |       |       |    51 ||    51
Dodge: Dodged            |    41 |    21 |   110 |    92 ||   264
